 Dungeon Crawl Stone Soup version 0.22.0-38-g04b72b8 (webtiles) character file.

72 troglodite the Skirmisher (level 4, 0/37 HPs)
             Began as a Demonspawn Berserker on Aug 30, 2018.
             Was a Follower of Trog.
             Slain by an adder (1 damage)
             ... on level 3 of the Dungeon.
             The game lasted 00:03:05 (2487 turns).

troglodite the Skirmisher (Demonspawn Berserker)    Turns: 2487, Time: 00:03:05

Health: 0/37       AC:  6    Str: 18    XL:     4   Next: 7%
Magic:  0/4        EV: 11    Int:  8    God:    Trog [*.....]
Gold:   125        SH:  0    Dex: 13    Spells: 3/3 levels left

rFire    x . .     SeeInvis .   a - +0 falchion
rCold    + . .     Gourm    .   (no shield)
rNeg     . . .     Faith    .   o - +0 ring mail
rPois    .         Spirit   +   (helmet restricted)
rElec    .         Reflect  .   (no cloak)
rCorr    .         Harm     .   (no gloves)
MR       .....                  (no boots)
Stlth    +.........             k - amulet of inaccuracy (curse)
HPRegen  0.12/turn              g - ring of ice
MPRegen  0.09/turn              (no ring)

@: berserk cooldown, slowed, very slow
A: antennae 1, rugged brown scales 1, magic shield
a: Berserk, Renounce Religion


You were on level 3 of the Dungeon.
You worshipped Trog.
Trog was aware of your devotion.
You were very hungry.

You visited 1 branch of the dungeon, and saw 3 of its levels.

You collected 125 gold pieces.

Inventory:

Hand Weapons
 a - a +0 falchion (weapon)
Armour
 o - a +0 ring mail (worn)
Jewellery
 g - a ring of ice (left hand)
 k - a cursed amulet of inaccuracy (around neck)
Scrolls
 b - a scroll of fog {unknown}
 e - a scroll of remove curse {unknown}
 f - 4 scrolls of identify {unknown}
 i - a scroll of enchant weapon {unknown}
 m - a scroll of noise {unknown}
 n - 2 scrolls of teleportation {unknown}
Potions
 d - 2 potions of flight {unknown}
 h - a potion of haste {unknown}
 j - a potion of berserk rage {unknown}
 l - a potion of heal wounds {unknown}
 q - a potion of ambrosia {unknown}
 r - a potion of curing {unknown}
Comestibles
 c - 2 rations


   Skills:
 * Level 3.6 Fighting
 + Level 3.3 Long Blades
 * Level 2.2 Armour
 * Level 2.4 Dodging
 + Level 0.2 Stealth


You had 3 spell levels left.
You didn't know any spells.
Your spell library was empty.

Dungeon Overview and Level Annotations

Branches:
Dungeon (3/15)

Altars:
Trog


Innate Abilities, Weirdness & Mutations

You have a pair of small antennae on your head.
You are partially covered in rugged brown scales. (AC +1, +3% HP)
When hurt, damage is shared between your health and your magic reserves.


Message History

Unknown command.
You barely miss the adder. The adder bites you but does no damage.
The hobgoblin closely misses you.
The hobgoblin hits you but does no damage.
The adder closely misses you.
You riposte.
You hit the adder but do no damage. The hobgoblin closely misses you.
Unknown command.
You slash the adder!
The adder is heavily wounded.
The adder barely misses you.
The hobgoblin hits you but does no damage.
The adder bites you but does no damage. The hobgoblin hits you with a club.
* * * LOW HITPOINT WARNING * * *
The hobgoblin barely misses you.
You barely miss the adder.
The adder is heavily wounded.
The adder barely misses you.
The hobgoblin hits you but does no damage.
The adder bites you.
You die...

#! .. #. ###
####....#
......#.# .
......#.#####..
.......<†..)...
##.###.........
#.@S......
#.gg.....#
...........
#.#.......... #
#..........
#..........
...........
....#.......


You could see an adder and 2 hobgoblins.

Vanquished Creatures
  Natasha (D:3)
  An adder (D:2)
  4 worms (D:2)
  4 bats
  2 giant cockroaches (D:1)
  A goblin (D:2)
  2 hobgoblins
  3 quokkas (D:2)
  A ball python (D:2)
  A frilled lizard (D:1)
  4 kobolds
  6 rats
30 creatures vanquished.

Notes
Turn   | Place    | Note
-------+----------+-------------------------------------------
     0 | D:1      | troglodite the Demonspawn Berserker began the quest for the Orb.
     0 | D:1      | Reached XP level 1. HP: 18/18 MP: 1/1
   616 | D:1      | Gained mutation: You have a pair of small antennae on your head. [demonic ancestry]
   616 | D:1      | Reached XP level 2. HP: 20/24 MP: 2/2
  1843 | D:2      | Gained mutation: When hurt, damage is shared between your health and your magic reserves. [demonic ancestry]
  1843 | D:2      | Reached XP level 3. HP: 29/29 MP: 3/3
  2029 | D:2      | Noticed a moth of wrath
  2031 | D:2      | Found a bloodstained altar of Trog.
  2464 | D:3      | Noticed Natasha
  2481 | D:3      | Killed Natasha
  2481 | D:3      | Gained mutation: You are partially covered in rugged brown scales. (AC +1, +3% HP) [demonic ancestry]
  2481 | D:3      | Reached XP level 4. HP: 4/37 MP: 0/4
  2486 | D:3      | HP: 1/37 [hobgoblin/club (3)]
  2487 | D:3      | Slain by an adder

Skill      XL: |  1  2 |
---------------+-------+-----
Dodging        | 2 |  2.4
Long Blades    | 3 |  3.3
Armour         | 2 |  2.2
Fighting       | |  3.6
Stealth        | |  0.2

Action                   |  1- 3 |  4- 6 || total
-------------------------+-------+-------++-------
Melee: Falchion          |   106 |     6 ||   112
Invok: Berserk           |     3 |       ||     3
 Stab: Sleeping          |     1 |       ||     1
  Eat: Chunk             |     6 |       ||     6
Armor: Animal skin       |    11 |       ||    11
       Ring mail         |    19 |     8 ||    27
Dodge: Dodged            |    62 |    15 ||    77
       Rpst.: Falchion   |    17 |     5 ||    22
